 Dungeon Crawl Stone Soup version 0.28.0-47-ge53b351184 (webtiles) character file.

Game seed: 13099766549899991759

16 MidgetDemon the Cudgeller (level 2, 0/22 HPs)
             Began as a Human Gladiator on Apr 27, 2022.
             Slain by a kobold
             ... wielding a +0 dagger
              (3 damage)
             ... on level 1 of the Dungeon.
             The game lasted 00:07:15 (394 turns).

MidgetDemon the Cudgeller (Human Gladiator)          Turns: 394, Time: 00:07:16

Health: 0/22       AC:  4    Str: 14    XL:     2   Next: 70%
Magic:  2/2        EV: 12    Int:  8    God:
Gold:   0          SH:  0    Dex: 14    Spells: 1/1 levels left

rFire   . . .      SeeInvis .   a - +0 flail
rCold   . . .      Faith    .   (no shield)
rNeg    . . .      Spirit   .   b - +0 leather armour
rPois   .          Reflect  .   c - +0 helmet
rElec   .          Harm     .   (no cloak)
rCorr   .          Rampage  .   (no gloves)
Will    .....                   (no boots)
Stlth   +.........              (no amulet)
HPRegen 0.07/turn               (no ring)
MPRegen 0.08/turn               (no ring)

@: no status effects
A: no striking features
a: no special abilities


You were on level 1 of the Dungeon.
You visited 1 branch of the dungeon, and saw 1 of its levels.

Inventory:

Hand Weapons
 a - a +0 flail (weapon)
 f - a +0 club
 g - a +0 dagger
Missiles
 d - 3 throwing nets (quivered)
 e - 13 stones
Armour
 b - a +0 leather armour (worn)
 c - a +0 helmet (worn)


   Skills:
 + Level 2.1 Fighting
 + Level 3.3 Maces & Flails
 + Level 2.1 Throwing
 + Level 0.1 Armour
 + Level 3.2 Dodging


You had one spell level left.
You didn't know any spells.
Your spell library was empty.

Dungeon Overview and Level Annotations

Branches:
Dungeon (1/15)

Altars:


Message History

You see here a +0 mace.
You closely miss the hobgoblin. The hobgoblin hits you.
You hit the hobgoblin but do no damage. The hobgoblin closely misses you.
You hit the hobgoblin.
The hobgoblin is heavily wounded.
The hobgoblin closely misses you.
You hit the hobgoblin.
You kill the hobgoblin!
The quokka barely misses you.
You closely miss the quokka.
The quokka bites you but does no damage.
The quokka closely misses you. x2; The quokka barely misses you.
You hit the quokka.
The quokka is severely wounded.
The quokka barely misses you. The quokka bites you.
You hit the quokka.
You kill the quokka!
The quokka barely misses you. The kobold misses you. The quokka bites you.
You closely miss the kobold. The kobold hits you with a +0 dagger.
The quokka bites you but does no damage.
The kobold hits you but does no damage.
You hit the kobold.
The kobold is heavily wounded.
The quokka barely misses you. The kobold hits you but does no damage.
The quokka bites you but does no damage.
You hit the kobold.
The kobold is severely wounded.
The quokka bites you.
* * * LOW HITPOINT WARNING * * *
The kobold closely misses you.
You closely miss the kobold.
The kobold is severely wounded.
The quokka barely misses you. The kobold hits you with a +0 dagger.
* * * LOW HITPOINT WARNING * * *
The quokka closely misses you.
You miss the kobold.
The kobold is severely wounded.
The kobold barely misses you. The quokka closely misses you.
The kobold hits you with a +0 dagger.
You die...

#.##....#...............
. ... #....#.##.##.####.
..##.##..#.#........# #.
...........#.##.##### #.
(.#......#.#.##.# #.
.............##.# ##
.....##..#.####.# #
#.######....#
.......)@K..#
#.####.r....#
#.......... #..........
.......#
...##...............
#...# .....#.........
....# #........≈≈≈≈≈≈
###... ........≈≈≈≈≈≈
...≈≈≈≈≈≈


You could see a quokka and a kobold.

Vanquished Creatures
  A dart slug (D:1)
  2 ball pythons (D:1)
  2 endoplasms (D:1)
  A giant cockroach (D:1)
  2 goblins (D:1)
  2 hobgoblins (D:1)
  A quokka (D:1)
11 creatures vanquished.

Notes
Turn   | Place    | Note
-------+----------+-------------------------------------------
     0 | D:1      | MidgetDemon the Human Gladiator began the quest for the
                  | Orb.
     0 | D:1      | Reached XP level 1. HP: 16/16 MP: 1/1
   292 | D:1      | Reached XP level 2. HP: 18/22 MP: 2/2
   394 | D:1      | Slain by a kobold

Illustrated notes

Levels and vault maps discovered:
D:1:      dpeg_arrival_castle, layout_basic, serial_shops, nicolae_shop_trees

Action                   || total
-------------------------++-------
Melee: Flail             ||    33
       Punch             ||     1
Throw: Throwing net      ||     1
Armor: Leather armour    ||    10
Dodge: Dodged            ||    26
